 Dungeon Crawl Stone Soup version 0.28-a0-390-gb254ac4902 (webtiles) character file.

Game seed: 1952808884724427860

54 mhtbhm the Sneak (level 3, -1/33 HPs)
             Began as a Minotaur Delver on Sept 3, 2021.
             Succumbed to an adder's poison
             ... in a sewer.
             The game lasted 00:01:28 (416 turns).

mhtbhm the Sneak (Minotaur Delver)                   Turns: 416, Time: 00:01:29

Health: -1/33      AC:  3    Str: 17    XL:     3   Next: 66%
Magic:  2/2        EV: 12    Int:  7    God:
Gold:   15         SH:  0    Dex: 11    Spells: 2/2 levels left

rFire   . . .      SeeInvis .   a - +0 falchion
rCold   . . .      Faith    .   (no shield)
rNeg    . . .      Spirit   .   b - +0 leather armour
rPois   .          Reflect  .   (helmet restricted)
rElec   .          Harm     .   (no cloak)
rCorr   .          Rampage  .   (no gloves)
Will    .....                   (no boots)
Stlth   ++........              (no amulet)
HPRegen 0.11/turn               (no ring)
MPRegen 0.08/turn               (no ring)

@: lethally poisoned (-1 -> -13)
A: horns 2, retaliatory headbutt
a: no special abilities


You were in a sewer.
You visited 1 branch of the dungeon, and saw 2 of its levels.
You also visited: Sewer.

You collected 15 gold pieces.

Inventory:

Hand Weapons
 a - a +0 falchion (weapon)
Armour
 b - a +0 leather armour (worn)
Wands
 g - a wand of digging (3)
Potions
 f - a potion of haste


   Skills:
 + Level 3.9 Fighting
 + Level 2.7 Long Blades
 + Level 0.7 Armour
 + Level 2.3 Dodging
 + Level 4.9 Stealth


You had 2 spell levels left.
You didn't know any spells.
Your spell library was empty.

Dungeon Overview and Level Annotations

Branches:
Dungeon (5/15)              Sewer (1/1)
 Temple: D:4-7

Altars:


Innate Abilities, Weirdness & Mutations

You have a pair of horns on your head.
You reflexively headbutt those who attack you in melee.


Message History

Aiming: Dig
Press: ? - help, Shift-Dir - straight line Digging in that direction won't affect any walls.
A stone wall.
Okay, then.
You feel sick.
Unknown command.
Sorry, you're not good enough to have a special ability.
Unknown command.
As you read the scroll of fog, it crumbles to dust.
The scroll dissolves into smoke.
You feel sick.
Unknown command.
You feel sick.
You feel sick.
You feel sick.
You feel sick.
You start resting.
You feel sick. x2
You are no longer poisoned.
You start resting.
The adder hisses angrily.
You hit the adder.
The adder is moderately wounded.
The adder bites you but does no damage.
You miss the adder. Your headbutt misses the adder.
The adder is moderately wounded.
The adder bites you.
* * * LOW HITPOINT WARNING * * *
You are poisoned.
The adder poisons you! The adder bites you.
* * * LOW HITPOINT WARNING * * *
You hit the adder. Your headbutt misses the adder.
The adder is heavily wounded.
* * * LOW HITPOINT WARNING * * *
You feel sick. The adder bites you.
* * * LOW HITPOINT WARNING * * *
You are more poisoned.
The adder poisons you!
You barely miss the adder. Your headbutt misses the adder.
The adder is heavily wounded.
You die...

#####..
######
##.......
##....##
##........
#......#
#.......#
#..∩∩..#
##†.....#
#......#
#@S....#
#...≈.##
##≈.≈≈##
#≈≈≈≈≈≈#
#≈≈≈≈≈≈#
#≈≈≈≈≈≈#
#≈†≈†≈≈#
#≈≈≈≈≈≈#
#≈≈≈≈≈≈#
#≈≈≈≈≈≈#
#≈≈≈≈≈≈#
#≈≈≈≈≈≈#
#≈≈≈≈≈≈#
#≈≈≈≈≈≈#
#≈≈≈≈≈≈#
#≈≈≈≈≈≈#
#≈≈≈≈†≈#


You could see an adder.

Vanquished Creatures
  2 adders (Sewer)
  2 river rats (Sewer)
  3 giant cockroaches (D:4)
  3 quokkas (D:4)
  A frilled lizard (Sewer)
  13 rats (Sewer)
24 creatures vanquished.

Notes
Turn   | Place    | Note
-------+----------+-------------------------------------------
     0 | D:5      | mhtbhm the Minotaur Delver began the quest for the Orb.
     0 | D:5      | Reached XP level 1. HP: 19/19 MP: 0/0
    33 | D:4      | Found a glowing drain.
    52 | D:4      | Reached XP level 2. HP: 18/26 MP: 1/1
    71 | Sewer    | Entered a sewer
   300 | Sewer    | Reached XP level 3. HP: 32/33 MP: 2/2
   416 | Sewer    | Succumbed to an adder's poison

Illustrated notes

Levels and vault maps discovered:
D:4:      layout_rooms, portal_sewer_entry_f, hangedman_decor_slide_cut,
          serial_park_tiny_2, minivault_24
D:5:      cheibrodos_iron_armory, layout_cave_pods, minmay_temple_entry_tees,
          hex_tiny
Sewer:    sewer_minmay_w

Action                   || total
-------------------------++-------
Melee: Falchion          ||    47
       Headbutt          ||     5
  Use: Scroll            ||     3
Armor: Leather armour    ||     9
Dodge: Dodged            ||    40

Table legend: (Time is in decaauts)
 A = Elapsed time spent in this place.
 B = Non-inter-level travel time spent in this place.
 C = Inter-level travel time spent in this place.
 D = Time resting spent in this place.
 E = Time spent auto-exploring this place.
 F = Levels seen in this place.
 G = Mean time per level.
                   A        B        C        D        E       F      G
               +--------+--------+--------+--------+--------+-----+--------+
         Total |    456 |    456 |      0 |    208 |     72 |   3 |  152.0 |
       Dungeon |     76 |     76 |      0 |     16 |      1 |   2 |   38.0 |
         Sewer |    380 |    380 |      0 |    192 |     71 |   1 |  380.0 |
               +--------+--------+--------+--------+--------+-----+--------+

Top non-repeatable levels by time:
   Sewer: 380 daAuts
     D:4: 53 daAuts
     D:5: 23 daAuts
